Map: 나이트쉐이드 - 래더

Players

TSGSolar (Solar)

  • Race: Zerg Zerg
  • League: Master
  • Spawn Location: 5:00

soO - Winner!

  • Race: Zerg Zerg
  • Spawn Location: 11:00

VOD

Have the link to the VOD?

Description

Time

  • Played on: Jan. 9, 2020, 4:36 a.m.
  • Length: 5:15
Show
View Real Time Build Order
Export as new Build Order

TSGSolar Zerg 

Build Orders: Hatch First 

Get SALT Encoding   

  12  0:01  Drone  
  13  0:12  Overlord  
  13  0:16  Drone  
  14  0:30  Drone  
  14  0:31  Drone  
  16  0:47  Hatchery  
  15  0:51  Drone  
  15  0:54  Drone  
  17  0:57  Drone  
  18  1:09  Extractor  
  17  1:12  Spawning Pool  
  17  1:15  Drone  
  17  1:18  Drone  
  18  1:28  Drone  
  19  1:39  Drone  
  20  1:49  Drone  
  21  2:00  Zergling x2, Queen x2, Overlord  
  26  2:08  Metabolic Boost  
  26  2:10  Drone  
  26  2:11  Drone  
  28  2:20  Drone  
  28  2:22  Drone  
  30  2:37  Hatchery  
  30  2:39  Drone x2  
  31  2:45  Queen  
  31  2:50  Overlord  
  33  2:52  Drone  
  34  2:59  Baneling Nest  
  34  3:01  Drone  
  34  3:02  Drone  
  35  3:08  Drone x2  
  37  3:13  Drone x2  
  37  3:14  Drone  
  37  3:16  Zergling x2  
  37  3:17  Zergling x2  
  37  3:19  Zergling x2  
  43  3:23  Overlord  
  43  3:25  Zergling x2  
  44  3:33  Evolution Chamber  
  43  3:34  Overlord  
  43  3:36  Drone  
  44  3:44  Baneling  
  44  3:47  Drone x5  
  49  3:49  Zergling x2  
  49  3:53  Zergling x6  
  53  3:56  Zergling x4  
  55  4:10  Overlord  
  55  4:16  Baneling, Roach Warren  
  54  4:17  Hatchery  
  54  4:20  Baneling  
  54  4:23  Extractor  
  54  4:24  Zergling x8  
  55  4:26  Overlord  
  55  4:36  Drone  
  55  4:37  Overlord  
  55  4:41  Spine Crawler  
Show
View Real Time Build Order
Export as new Build Order

soO Zerg - Winner!

Build Orders: Hatch First 

Get SALT Encoding   

  12  0:00  Drone  
  13  0:12  Overlord  
  13  0:17  Drone  
  14  0:30  Drone x2  
  16  0:47  Hatchery  
  15  0:51  Drone  
  15  0:55  Drone  
  17  0:58  Drone  
  18  1:09  Extractor  
  17  1:13  Spawning Pool  
  17  1:16  Drone  
  17  1:19  Drone  
  18  1:28  Drone  
  19  1:39  Drone  
  20  1:49  Overlord  
  20  1:59  Queen x2  
  20  2:00  Drone  
  25  2:01  Zergling x2  
  26  2:08  Metabolic Boost  
  26  2:10  Drone x2  
  28  2:22  Zergling x2  
  29  2:23  Drone  
  30  2:33  Hatchery  
  29  2:38  Drone  
  29  2:42  Drone, Overlord  
  31  3:03  Drone  
  32  3:08  Zergling x20  
  42  3:19  Overlord  
  42  3:26  Zergling x2, Roach Warren  
  42  3:35  Drone x2  
  42  3:39  Drone  
  45  3:42  Overlord  
  45  3:44  Zergling x2  
  45  3:45  Zergling x4  
  46  4:07  Roach x4  
  54  4:12  Roach x2  
  54  4:15  Roach  
  59  4:17  Zergling x4  
  59  4:23  Roach  
  59  4:24  Zergling x4, Overlord  
  65  4:26  Overlord  
  65  4:36  Overlord  
  65  4:37  Zergling x2, Overlord  
  65  4:42  Roach  
  65  4:43  Roach  
  68  4:50  Roach  
  70  4:54  Zergling x2  
  70  4:55  Zergling x4  
  70  4:56  Zergling x2  
Tags
 
Add a new tag
Caveats
  • Supply blocks, unpowered buildings, or Contaminate may cause inaccurate times.
  • Supply counts are checked every 10 seconds.